 Dungeon Crawl Stone Soup version 0.29.1-4-g47bece8355 (webtiles) character file.

Game seed: 15593776230305853475

106 Peloso the Covered (level 4, 0/40 HPs)
             Began as a Minotaur Fighter on Dec 3, 2022.
             Slain by a black bear (2 damage)
             ... on level 2 of the Dungeon.
             The game lasted 00:02:55 (1682 turns).

Peloso the Covered (Minotaur Fighter)               Turns: 1682, Time: 00:02:56

Health: 0/40       AC: 10    Str: 21    XL:     4   Next: 55%
Magic:  3/3        EV:  7    Int:  5    God:
Gold:   113        SH:  4    Dex: 11    Spells: 3/3 levels left

rFire   . . .      SeeInvis .   a - +0 long sword
rCold   . . .      Faith    .   c - +0 buckler
rNeg    . . .      Spirit   .   j - +0 chain mail
rPois   .          Reflect  .   (helmet restricted)
rElec   .          Harm     .   g - +0 cloak
rCorr   .          Rampage  .   (no gloves)
Will    .....                   (no boots)
Stlth   ..........              (no amulet)
HPRegen 0.13/turn               (no ring)
MPRegen 0.08/turn               (no ring)

@: no status effects
A: horns 2, retaliatory headbutt
a: no special abilities


You were on level 2 of the Dungeon.
You visited 1 branch of the dungeon, and saw 2 of its levels.

You collected 113 gold pieces.

Inventory:

Hand Weapons
 a - a +0 long sword (weapon)
Armour
 b - a +0 scale mail
 c - a +0 buckler (worn)
 g - a +0 cloak (worn)
 j - a +0 chain mail (worn)
Jewellery
 h - a +6 ring of intelligence
Scrolls
 e - a scroll of immolation {unknown}
 f - a scroll of teleportation {unknown}
 i - 2 scrolls of identify {unknown}
 k - a scroll of brand weapon {unknown}
Potions
 d - 2 potions of might


   Skills:
 + Level 4.1 Fighting
 + Level 4.2 Long Blades
 + Level 4.3 Armour
 + Level 0.7 Dodging
 + Level 0.1 Stealth
 + Level 4.2 Shields


You had 3 spell levels left.
You didn't know any spells.
Your spell library was empty.

Dungeon Overview and Level Annotations

Branches:
Dungeon (2/15)

Altars:


Innate Abilities, Weirdness & Mutations

You have a pair of horns on your head.
You reflexively headbutt those who attack you in melee.


Message History

The black bear claws you but does no damage.
The black bear claws you. The black bear bites you.
The black bear claws you but does no damage. x2
You hit the black bear.
The black bear is heavily wounded.
The dart slug barely misses you. The black bear bites you.
The black bear barely misses you. You block the black bear's attack.
You hit the black bear but do no damage.
Your headbutt misses the black bear.
The black bear is heavily wounded.
The black bear bites you but does no damage.
The black bear claws you but does no damage. x2
The dart slug launches a dart at you. The slug dart hits you.
You barely miss the black bear.
The black bear is heavily wounded.
The black bear bites you but does no damage.
The black bear claws you but does no damage. x2
The dart slug bites you but does no damage.
You closely miss the black bear.
The black bear is heavily wounded.
The black bear bites you!
* * * LOW HITPOINT WARNING * * *
The black bear claws you but does no damage. x2
The dart slug bites you.
* * * LOW HITPOINT WARNING * * *
The black bear bites you but does no damage.
The black bear claws you but does no damage.
The black bear barely misses you.
You barely miss the black bear.
The black bear is heavily wounded.
The black bear bites you but does no damage.
The black bear claws you.
* * * LOW HITPOINT WARNING * * *
The black bear claws you but does no damage.
The dart slug bites you but does no damage.
You barely miss the black bear. Your headbutt misses the black bear.
The black bear is heavily wounded.
The black bear bites you.
You die...

.........####...............†.#..
###...[...##..................#.#
......###....................##.#
.####.......##...............##..
>.†.####..###.................#..
#.#...........#..###.............
#..###...#......##⌠#......#...###
##.###.##########..†.####.#...#
#.#...# #@)⌠### ... #...###
#.wh## #. ##..# #⌠..## ##.##
#.>.# #..# #⌠..# #.## ##... #.#
##.. ##.# ##. #..#


You could see a black bear and a dart slug.

Vanquished Creatures
  Terence (D:2)
  An adder (D:2)
  A worm (D:2)
  2 dart slugs
  4 orcs (D:2)
  4 ball pythons
  6 endoplasms
  3 giant cockroaches (D:2)
  8 goblins
  A hobgoblin (D:2)
  5 jackals (D:2)
  A quokka (D:2)
  4 bats
  A frilled lizard (D:2)
  5 kobolds
  12 rats
59 creatures vanquished.

Notes
Turn   | Place    | Note
-------+----------+-------------------------------------------
     0 | D:1      | Peloso the Minotaur Fighter began the quest for the Orb.
     0 | D:1      | Reached XP level 1. HP: 19/19 MP: 0/0
   289 | D:1      | Reached XP level 2. HP: 27/27 MP: 1/1
   403 | D:1      | Found a faded altar of an unknown god.
   898 | D:2      | Reached XP level 3. HP: 33/33 MP: 2/2
  1020 | D:2      | Noticed Terence
  1039 | D:2      | Killed Terence
  1110 | D:2      | Reached XP level 4. HP: 36/40 MP: 3/3
  1667 | D:2      | Noticed a black bear
  1681 | D:2      | HP: 2/40 [black bear (4)]
  1682 | D:2      | Slain by a black bear

Illustrated notes

Levels and vault maps discovered:
D:1:      matt_arrival_refuge, layout_basic, shapermc_ecumenical_altar_pompeii,
          roderic_roman_lattice, amethyst_killhole
D:2:      minmay_evil_eye, layout_rooms, grunt_ministairs_8,
          minmay_tree_intersection, hangedman_glass_teeth,
          palyth_stone_intersect, st_stairs_6, wad_orctagon, uniq_terence

Skill      XL: |  1  2  3 |
---------------+----------+-----
Long Blades    | 3 4 |  4.2
Shields        | 4 |  4.2
Armour         | 4 |  4.3
Fighting       | 4 |  4.1
Dodging        | |  0.7
Stealth        | |  0.1

Action                   |  1- 3 |  4- 6 || total
-------------------------+-------+-------++-------
Melee: Long sword        |    85 |    51 ||   136
       Headbutt          |    10 |    11 ||    21
  Use: Scroll            |     1 |       ||     1
Armor: Scale mail        |    32 |       ||    32
       Chain mail        |    11 |    61 ||    72
Dodge: Dodged            |    38 |    22 ||    60
Block: Buckler           |    14 |    15 ||    29
